 Dungeon Crawl Stone Soup version 0.29.0-11-gd7f09526c8 (webtiles) character file.

Game seed: 9566466057002190009

122 fingers the Covered (level 4, -4/35 HPs)
             Began as a Demonspawn Fighter on Sept 2, 2022.
             Was an Initiate of Gozag.
             Killed from afar by Ijyb (13 damage)
             ... with a bolt of dispelling energy
             ... on level 3 of the Dungeon.
             The game lasted 00:04:07 (3213 turns).

fingers the Covered (Demonspawn Fighter)            Turns: 3213, Time: 00:04:10

Health: -4/35      AC: 11    Str: 18    XL:     4   Next: 78%
Magic:  4/4        EV:  5    Int: 10    God:    Gozag
Gold:   283        SH:  0    Dex: 12    Spells: 3/3 levels left

rFire   . . .      SeeInvis .   a - +0 long sword
rCold   . . .      Faith    .   c - +0 buckler
rNeg    . . .      Spirit   .   e - +0 plate armour
rPois   .          Reflect  .   (no helmet)
rElec   .          Harm     .   (no cloak)
rCorr   .          Rampage  .   (no gloves)
Will    .....                   (no boots)
Stlth   ..........              (no amulet)
HPRegen 0.11/turn               (no ring)
MPRegen 0.09/turn               (no ring)

@: confused, lethally poisoned (-4 -> -8), ambrosia-drunk, gold aura
A: demonic touch 2
a: Renounce Religion, Potion Petition, Call Merchant, Bribe Branch


You were on level 3 of the Dungeon.
You worshipped Gozag.
Gozag was aware of your devotion.
You visited 1 branch of the dungeon, and saw 3 of its levels.

You collected 283 gold pieces.

Inventory:

Hand Weapons
 a - a +0 long sword (weapon)
 g - a +2 dagger of venom
 n - the +1 mace of Massacring {holy, rN+ Will+}
   (You found it on level 2 of the Dungeon)

   It has been blessed by the Shining One to cause great damage to the undead
   and demons.
   rN:        It protects you from negative energy.
   Will:      It increases your willpower.
Missiles
 q - 2 poisoned darts (quivered)
Armour
 b - a +0 scale mail
 c - a +0 buckler (worn)
 e - a +0 plate armour (worn)
Jewellery
 l - a ring of protection from fire
 r - a +6 ring of strength
 s - a ring of wizardry
Scrolls
 h - a scroll of butterflies {unknown}
 j - 5 scrolls of identify {unknown}
 k - a scroll of vulnerability {unknown}
 m - 4 scrolls of fear {unknown}
 o - a scroll of blinking {unknown}
 p - a scroll of poison {unknown}
Potions
 i - 2 potions of curing {unknown}


   Skills:
 + Level 3.2 Fighting
 * Level 3.1 Long Blades
 * Level 3.9 Armour
 + Level 3.0 Shields


You had 3 spell levels left.
You didn't know any spells.
Your spell library was empty.

Dungeon Overview and Level Annotations

Branches:
Dungeon (3/15)

Altars:
Gozag

Annotations:
D:3 Ijyb


Innate Abilities, Weirdness & Mutations

Your touch may inflict irresistible damage on your foes.


Message History

The goblin hits you but does no damage. Ijyb hits you but does no damage.
You are more poisoned.
You closely miss Ijyb.
You feel very sick. The goblin completely misses you.
The goblin hits you with a +0 dagger.
Ijyb hits you with a +3 dagger of venom.
You are more poisoned.
You barely miss Ijyb.
You feel very sick.
The goblin hits you but does no damage. x2
Ijyb hits you with a +3 dagger of venom.
The goblin is distracted by your dazzling golden aura.
Ijyb screams, "It's all mine!"
Ijyb completely misses you. The goblin hits you with a +0 dagger.
The goblin hits you but does no damage.
You feel very mighty all of a sudden.
You feel very sick. The goblin hits you with a +0 dagger.
Ijyb zaps a wand.
The bolt of dispelling energy hits you!
Your magical effects are unravelling.
* * * LOW HITPOINT WARNING * * *
The goblin hits you but does no damage.
It was a potion of ambrosia.
You are confused.
You feel invigorated.
You feel a little less mighty now.
* * * LOW HITPOINT WARNING * * *
You feel sick. The goblin hits you with a +0 dagger.
* * * LOW HITPOINT WARNING * * *
You bump into the granite statue.
* * * LOW HITPOINT WARNING * * *
You feel sick.
The goblin hits you but does no damage. x2
You closely miss the goblin.
You feel sick.
The goblin shouts!
The goblin is no longer distracted by gold.
The goblin hits you but does no damage.
Ijyb zaps a wand.
The bolt of dispelling energy hits you!
Your magical effects are unravelling.
You die...
Your body crumbles into a pile of gold.

#.# #.##.# ##.## #.....
$ #.>.# ####.# #...# #..
#...# #.# #...# ###.#
#########...###### #....
......gg.........###.#.#
.....gg@.............#.#
8.....8#.........###.#.#
.......##...###### #.#.#
8.....8 #...# #.#.#
....... #...# #....
8.....8 #.).# #.#.#
....... #...# #.#.#
8.....8 ##.#########.#.#
$ #.##......#....


You could see Ijyb and 3 goblins.

Vanquished Creatures
  Natasha (thrice) (D:2)
  4 dart slugs
  3 ball pythons
  4 bats
  2 endoplasms (D:2)
  A giant cockroach (D:2)
  5 goblins
  A hobgoblin (D:2)
  4 kobolds
  2 quokkas
  6 frilled lizards
  4 rats
39 creatures vanquished.

Notes
Turn   | Place    | Note
-------+----------+-------------------------------------------
     0 | D:1      | fingers the Demonspawn Fighter began the quest for the Orb.
     0 | D:1      | Reached XP level 1. HP: 18/18 MP: 1/1
   250 | D:1      | Gained mutation: Your touch may inflict minor irresistible
                  | damage on your foes. [demonic ancestry]
   250 | D:1      | Reached XP level 2. HP: 24/24 MP: 2/2
   422 | D:1      | Found a faded altar of an unknown god.
   855 | D:1      | Prayed at the altar of an unknown god.
   855 | D:1      | Became a worshipper of Gozag Ym Sagoz the Greedy
  1415 | D:2      | Gained mutation: Your touch may inflict irresistible damage
                  | on your foes. [demonic ancestry]
  1415 | D:2      | Reached XP level 3. HP: 19/29 MP: 3/3
  1598 | D:2      | Identified the +1 mace of Massacring {holy, rN+ Will+}
  1845 | D:2      | Noticed Natasha
  1856 | D:2      | Killed Natasha
  2325 | D:2      | Noticed Natasha
  2335 | D:2      | Killed Natasha
  2336 | D:2      | Reached XP level 4. HP: 4/35 MP: 4/4
  2795 | D:2      | Noticed Natasha
  2807 | D:2      | Killed Natasha
  3200 | D:3      | Noticed Ijyb
  3213 | D:3      | Killed from afar by Ijyb

Illustrated notes

Levels and vault maps discovered:
D:1:      wheals_arrival_linesprint, layout_basic,
          chequers_ecumenical_altar_lobes
D:2:      layout_rooms, uniq_natasha
D:3:      kennysheep_the_goblin_king, layout_loops_cross

Skill      XL: |  1  2  3  4 |
---------------+-------------+-----
Armour         | 3 |  3.9
Long Blades    | 2 3 |  3.1
Shields        | 3 |  3.0
Fighting       | |  3.2

Action                   |  1- 3 |  4- 6 || total
-------------------------+-------+-------++-------
Melee: Long sword        |   109 |    26 ||   135
  Use: Potion            |       |     2 ||     2
 Stab: Distracted        |       |     1 ||     1
Armor: Plate armour      |    97 |    25 ||   122
Dodge: Dodged            |    25 |     8 ||    33
Block: Buckler           |    28 |     7 ||    35
